 Dungeon Crawl Stone Soup version 0.31.0-11-ge490571c62 (webtiles) character file.

Game seed: 525448503260599400

626669 7tar4e the Acrobat (level 24, -4/150 HPs)
             Began as a Felid Shapeshifter on Feb 3, 2024.
             Was a High Priest of Jiyva.
             Killed by divine providence
             ... invoked by a mummy priest
              (14 damage)
             ... while paralysed by a Zot trap
             ... on level 3 of the Tomb of the Ancients.
             The game lasted 03:07:08 (38685 turns).

7tar4e the Acrobat (Felid Shapeshifter)            Turns: 38685, Time: 03:07:08

Health: -4/150     AC: 14    Str: 28      XL:     24   Next: 63%
Magic:  24/24      EV:  4    Int: 23 (24) God:    Jiyva [*****.]
Gold:   1474       SH:  0    Dex: 30 (33) Spells: 20/23 levels left
                                        Lives:  0   Deaths: 5

rFire   . .          .
                       - Unarmed
rCold   x . .        (shield unavailable)
rNeg    + + .        (body armour unavailable)
rPois   ∞            (helmet unavailable)
rElec   +            (cloak unavailable)
rCorr   +            (gloves unavailable)
SInv    +            (boots unavailable)
Will    +++..        y - amulet "Ihonom" {rPois rC- Regen+ Str+8}
Stlth   ++           J - ring of Mesef {rN+ Dex+7}
HPRegen 2.69/turn    F - ring "Valuklymm" {rN+ Int+3 Dex+3}
MPRegen 0.91/turn

%: no passive effects
@: paralysed, storm-form, blinkbolt cooldown, flying, slowed
A: cleaving, insubstantial, flying, very small, (claws 1), (fangs 3), see
invisible, (shaggy fur 3), (stealthy paws), no weapons or thrown items, no
armour, multi-lived, (horns 2), (iridescent scales 3), clever 2, (cold
resistance 1), robust 1, strong 2, (acidic bite), (eyeballs 1), (tendrils),
(jelly absorbing missiles)
}: 4/15 runes: decaying, serpentine, slimy, silver
a: Blinkbolt, Begin Untransformation, Renounce Religion, Oozemancy, Slimify


You were on level 3 of the Tomb of the Ancients.
You worshipped Jiyva.
Jiyva was extremely pleased with you.
You were a lightning-filled tempest!
You visited 11 branches of the dungeon, and saw 50 of its levels.
You also visited: Ice Cave and Desolation.

You collected 5830 gold pieces.
You spent 4356 gold pieces at shops.

Inventory:

Jewellery
 v - the ring "Peitzem" {rPois rF+ rC+ Will+ Int+6}
   (You found it in an ice cave)

   [ring of intelligence]

   Int+6:     It affects your intelligence (+6).
   rF+:       It protects you from fire.
   rC+:       It protects you from cold.
   rPois:     It protects you from poison Will+: It increases your willpower.
 x - a +5 ring of evasion
 y - the amulet "Ihonom" (around neck) {rPois rC- Regen+ Str+8}
   (You found it on level 3 of the Crypt)

   [amulet of regeneration]

   Str+8:     It affects your strength (+8).
   rC-:       It makes you vulnerable to cold.
   rPois:     It protects you from poison Regen+: It increases your rate of
   health regeneration.
 F - the ring "Valuklymm" (right paw) {rN+ Int+3 Dex+3}
   (You found it on level 3 of the Crypt)

   [ring of positive energy]

   Int+3:     It affects your intelligence (+3).
   Dex+3:     It affects your dexterity (+3).
   rN+:       It protects you from negative energy.
 G - a ring of protection from cold
 J - the ring of Mesef (left paw) {rN+ Dex+7}
   (You found it on level 3 of the Crypt)

   [ring of positive energy]

   Dex+7:     It affects your dexterity (+7).
   rN+:       It protects you from negative energy.
 S - a ring of protection from fire
 T - a ring of protection from fire
 V - a ring of protection from cold
 W - a ring of positive energy
 X - the amulet of Modesty {Acrobat rElec Dex+2}
   (You took it off a ragged hierophant in the Desolation of Salt)

   [amulet of the acrobat]

   Acrobat:   It increases your evasion while moving and waiting.
   Dex+2:     It affects your dexterity (+2).
   rElec:     It insulates you from electricity.
 Z - the ring of Shadows {Umbra +Inv Stlth+}
   (You took it off a vault warden on level 5 of the Vaults)

   [ring of stealth]

   Umbra:     It surrounds you with an aura of shadow, increasing your stealth
   and reducing the accuracy of all others within it.
   +Inv:      It lets you turn invisible.
   Stlth+:    It makes you more stealthy.
Talismans
 e - the storm talisman of the Platytaur (active) {Str+4}
   (You bought it in a shop on level 4 of the Vaults)

   [storm talisman]

   Str+4:     It affects your strength (+4).
 I - a granite talisman
Wands
 k - a wand of paralysis (77)
 l - a wand of polymorph (5)
 o - a wand of light (9)
 t - a wand of flame (90)
 w - a wand of mindburst (25)
 D - a wand of digging (11)
 L - a wand of iceblast (25)
Scrolls
 c - a scroll of summoning
 i - 6 scrolls of poison
 m - 8 scrolls of teleportation
 n - 7 scrolls of blinking
 q - 8 scrolls of identify
 u - 6 scrolls of vulnerability
 A - 3 scrolls of amnesia
 B - 5 scrolls of immolation
 E - 2 scrolls of silence
 H - 2 scrolls of fear
 K - a scroll of noise
 N - a scroll of revelation
 P - 2 scrolls of fog
Potions
 a - 7 potions of lignification
 b - 3 potions of invisibility
 d - 6 potions of might
 f - 3 potions of attraction
 g - 4 potions of brilliance
 h - 8 potions of curing
 j - 4 potions of cancellation
 r - a potion of enlightenment
 s - 6 potions of mutation
 C - 2 potions of magic
 M - a potion of ambrosia
 O - a potion of resistance
 Y - 2 potions of berserk rage
Miscellaneous
 p - a condenser vane (quivered)
 z - a phial of floods
 Q - a phantom mirror
 R - a sack of spiders
 U - a lightning rod (4/4)


   Skills:
 + Level 18.0 Fighting
 * Level 26.0 Dodging
 * Level 21.1 Unarmed Combat
 + Level 5.6 Ice Magic
 + Level 6.5 Evocations
 + Level 25.8 Shapeshifting


You had 20 spell levels left.
You knew the following spells:

 Your Spells              Type           Power      Damage    Failure   Level
a - Ozocubu's Armour      Ice            25%        N/A       4%          3

Your spell library contained the following spells:

 Spells                   Type           Power      Damage    Failure   Level
 Freeze                   Ice            100%       1d10      1%          1
 Frozen Ramparts          Ice            50%        1d8       4%          3
 Foxfire                  Conj/Fire      0%         2x1d4     16%         1
 Magic Dart               Conj           0%         1d3       16%         1
 Slow                     Hex            0%         N/A       16%         1
 Sting                    Conj/Alch      0%         1d3       16%         1
 Hailstorm                Conj/Ice       12%        3d6       16%         3
 Summon Ice Beast         Ice/Summ       12%        N/A       16%         3
 Blink                    Tloc           0%         N/A       24%         2
 Call Imp                 Summ           0%         N/A       24%         2
 Cigotuvi's Dreadful Rot  Necr/Alch/Air  0%         N/A       24%         2
 Lesser Beckoning         Tloc           0%         N/A       24%         2
 Mercury Vapours          Alch/Air       0%         N/A       24%         2
 Momentum Strike          Conj/Tloc      0%         3d8       24%         2
 Scorch                   Fire           0%         2d5       24%         2
 Static Discharge         Conj/Air       0%         3-3/arc   24%         2
 Call Canine Familiar     Summ           0%         N/A       43%         3
 Fugue of the Fallen      Necr           0%         N/A       43%         3
 Gell's Gravitas          Tloc           0%         N/A       43%         3
 Inner Flame              Hex/Fire       0%         N/A       43%         3
 Mephitic Cloud           Conj/Alch/Air  0%         N/A       43%         3
 Passwall                 Erth           0%         N/A       43%         3
 Sigil of Binding         Hex            0%         N/A       43%         3
 Teleport Other           Tloc           0%         N/A       43%         3
 Brom's Barrelling Bould  Conj/Erth      0%         2d3       83%         4
 Cause Fear               Hex            0%         N/A       83%         4
 Dispel Undead            Necr           0%         3d6       83%         4
 Flame Wave               Conj/Fire      0%         2d4       83%         4
 Ignite Poison            Fire/Alch      0%         N/A       83%         4
 Leda's Liquefaction      Alch/Erth      0%         N/A       83%         4
 Manifold Assault         Tloc           0%         N/A       83%         4
 Martyr's Knell           Necr/Summ      0%         N/A       83%         4
 Olgreb's Toxic Radiance  Alch           0%         N/A       83%         4
 Passage of Golubria      Tloc           0%         N/A       83%         4
 Petrify                  Alch/Erth      0%         N/A       83%         4
 Sticky Flame             Fire/Alch      0%         2d4       83%         4
 Summon Lightning Spire   Summ/Air       0%         N/A       83%         4
 Freezing Cloud           Conj/Ice/Air   4%         6-21      90%         5
 Fireball                 Conj/Fire      0%         3d3       99%         5
 Irradiate                Conj/Alch      0%         3d11      99%         5
 Lee's Rapid Deconstruct  Erth           0%         3d4*      99%         5
 Silence                  Hex/Air        0%         N/A       99%         5
 Bombard                  Conj/Erth      0%         9d1       100%        6
 Death Channel            Necr           0%         N/A       100%        6
 Summon Cactus Giant      Summ           0%         N/A       100%        6
 Monstrous Menagerie      Summ           0%         N/A       100%        7
 Disjunction              Tloc           0%         N/A       100%        8
 Lehudib's Crystal Spear  Conj/Erth      0%         10d2      100%        8
 Summon Horrible Things   Summ           0%         N/A       100%        8
 Death's Door             Necr           0%         N/A       100%        9
 Shatter                  Erth           0%         3d5*      100%        9
 Sublimation of Blood     Necr           Unusable   N/A       N/A         2
 Animate Armour           Summ/Erth      Unusable   N/A       N/A         4
 Dimensional Bullseye     Hex/Tloc       Unusable   N/A       N/A         4

Dungeon Overview and Level Annotations

Branches:
Dungeon (15/15)            Temple (1/1) D:5            Lair (5/5) D:10
  Swamp (4/4) Lair:2        Snake (4/4) Lair:2        Slime (5/5) Lair:5
    Orc (2/2) D:11            Elf (3/3) Orc:2        Vaults (5/5) D:14
  Crypt (3/3) Vaults:3       Tomb (3/3) Crypt:3      Depths (0/4) D:15
  IceCv (visited)         Desolation (visited)

Altars:
Ashenzari
Cheibriados
Dithmenos
Elyvilon
Fedhas
Gozag
Hepliaklqana
Kikubaaqudgha
Makhleb
Nemelex Xobeh
Okawaru
Qazlal
Ru
Sif Muna
Trog
Uskayaw
Vehumet
Wu Jian
Xom
Yredelemnul
Zin
The Shining One
Jiyva

Shops:
D:6 (!   D:7 !   D:13 :   Orc:2 ((?!   Elf:1 (   Elf:3 :??   Snake:1 !
Vaults:2 (   Vaults:4 :=!

Annotations:
Slime:3 Dissolution
Slime:5 Royal Jelly


Innate Abilities, Weirdness & Mutations

You are a lightning-filled tempest!
Your electrical attacks strike out in all directions at once.
You are incredibly evasive.
Your insubstantial body is immune to petrification, constriction, and being set on fire You are flying.
You are immune to poison.
((You have sharp claws.))
((You have razor-sharp teeth.))
You have supernaturally acute eyesight. (SInv)
((Your thick and shaggy fur keeps you warm. (AC +3, rC+)))
((Your paws help you pounce on unaware monsters.))
You are incapable of wielding weapons or throwing items.
You cannot wear armour.
You gain extra lives every three experience levels.
((You have a pair of horns on your head.))
((You are completely covered in iridescent scales. (AC +6)))
Your mind is very acute. (Int +8, Str/Dex -2)
((Your flesh is cold resistant. (rC+)))
You are robust. (+10% HP)
Your muscles are very strong. (Str +8, Int/Dex -2)
((You have acidic saliva.))
((Your body has grown eyes which may confuse attackers. (Acc +3)))
((You are covered in slimy tendrils that may disarm your opponents.))
((You have a small jelly attached to you that may absorb projectiles.))


Message History

The ushabti hits you!!
* * * LOW HITPOINT WARNING * * *
The death scarab bites you!
* * * LOW HITPOINT WARNING * * *
The death scarab drains your vigour!
You feel as though you will be slow longer.
The death scarab bites you.
* * * LOW HITPOINT WARNING * * *
The death scarab drains your vigour!
You feel as though you will be slow longer.
The ushabti shakes and rattles deafeningly!
You hear a loud "Zot"!
The power of Zot is invoked against you!
The dungeon shakes, a horrible noise fills the air, and a portal to some otherworldly place is opened!
A royal mummy comes into view.
The mummy priest calls down the wrath of its god upon you.
Something smites you!
* * * LOW HITPOINT WARNING * * *
Your azure jelly hits the death scarab.
Your azure jelly freezes the death scarab!!!
The death scarab is destroyed!
The death scarab's corpse disappears in a puff of smoke!
The mummy completely misses your azure jelly.
The ushabti barely misses you.
You hear a faint skittering sound. x2
The death scarab bites you but does no damage.
A bennu comes into view. x2
The royal mummy casts a spell.
Send 'em back where they came from!
Your azure jelly dissolves into a puddle of slime!
The royal mummy gestures wildly while chanting.
The ushabti shakes and rattles deafeningly!
The royal mummy casts a spell.
The ushabti shakes and rattles deafeningly!
The ushabti hits you!
* * * LOW HITPOINT WARNING * * *
A mummy comes into view.
The mummy priest invokes the aid of its god against you.
Something smites you!
You die... #......# #......# #......# +......+ #...!^.# #......# #9Ms[s.# ##999...## #Mv9MMM.s# #99.M...... #^MMMB.MM..M.

#..z....w....
#....b.......b
#.............
.^.............
.bMBB..........


You could see 3 royal mummies, an eldritch tentacle, 3 emperor scorpions, 3
bennus, 2 mummy priests, a skeletal warrior, 4 guardian mummies, 7 ushabtiu, 3
death scarabs and 4 mummies.

Vanquished Creatures
  Mennas (Tomb:2)
  21 royal mummies
  Bai Suzhen (Vaults:4)
  Vashnia (Snake:3)
  A bone dragon (Crypt:3)
  A golden dragon (Vaults:4)
  A profane servitor (Crypt:3)
  Jorgrun (Orc:1)
  Rupert (D:14)
  Mlioglotl (Swamp:4)
  3 tentacled monstrosities
  3 deep elf blademasters
  5 liches
  2 quicksilver dragons (Vaults:5)
  2 deep elf master archers (Elf:3)
  4 ancient champions
  6 sphinxes
  7 titans (Vaults:5)
  7 tengu reavers
  An Executioner (Tomb:1)
  A storm dragon (Vaults:5)
  A thorn hunter (Swamp:4)
  Kirke (D:14)
  4 shadow dragons (Vaults:5)
  Donald (Swamp:3)
  2 fire giants (Vaults:5)
  4 revenants
  The ghost of MirrMurr the Spear-Bearer, an adept DsBe of Trog (Orc:1)
  7 nagarajas
  2 fenstrider witches (Swamp:2)
  12 deep elf sorcerers
  4 frost giants
  Louise (Elf:3)
  13 vault wardens
  3 imperial myrmidons (Desolation)
  2 caustic shrike zombies
  10 ghouls
  2 curse skulls (Crypt:3)
  4 deep elf elementalists (Elf:3)
  4 orc warlords
  15 ironbound preservers
  13 ironbound thunderhulks
  3 stone giants
  6 very ugly things
  8 deep elf demonologists
  4 halazid warlocks (Desolation)
  7 eleionomae
  12 deep elf death magi
  Nessos (Lair:3)
  6 deep elf annihilators
  4 vampire knights
  5 bunyips
  3 bennus (Tomb:2)
  2 war gargoyles
  6 dire elephants
  12 eidola
  4 ettins
  A crystal guardian (Vaults:2)
  11 jiangshi
  Josephine (Orc:1)
  14 mummy priests
  4 ragged hierophants (Desolation)
  2 shambling mangroves
  2 servants of whispers (Desolation)
  Fannar (Lair:1)
  9 deep elf high priests
  2 entropy weavers (Vaults:3)
  16 yaktaur captains
  13 peacekeepers
  2 spriggan zombies
  A ghost crab (Swamp:2)
  29 vault guards
  3 salamander tyrants (Snake:4)
  23 hydras
  2 ogre magi
  11 ironbound frosthearts
  12 anacondas
  24 centaur warriors
  2 spriggan skeletons (Tomb:2)
  4 alligators
  The ghost of KineticRobot the Fighter, a novice HOFi of Ashenzari (D:7)
  Erica (Orc:1)
  5 boulder beetles
  5 two-headed ogres
  28 dancing weapons
  3 death knights
  4 orc high priests (Orc:2)
  44 death scarabs
  3 tengu warriors
  A deep troll earth mage (Vaults:5)
  5 death yaks
  20 naga warriors
  5 vampire magi
  5 shock serpents
  15 naga sharpshooters
  A titan zombie (Crypt:3)
  12 deep elf knights
  A skyshark (Lair:3)
  A salamander mystic (Snake:4)
  A spectral death yak (Lair:5)
  31 skeletal warriors
  A golden dragon zombie (Crypt:2)
  2 titan skeletons
  2 shadow wraiths (Crypt:2)
  4 goliath frogs
  A spectral anaconda (Lair:5)
  9 sea snakes
  5 arcanists
  An anaconda zombie (Crypt:3)
  6 naga ritualists
  8 spriggan druids
  11 deep elf archers
  A bunyip zombie (Crypt:1)
  2 spriggan simulacra
  7 swamp dragons
  A fenstrider witch simulacrum (Crypt:1)
  7 mana vipers
  2 shadow dragon zombies (Crypt:3)
  17 phantasmal warriors
  28 deep trolls
  2 flayed ghosts (Crypt:3)
  24 ironbound convokers
  8 necromancers
  21 lindwurms
  3 harpies (Vaults:1)
  3 bog bodies
  31 deep elf pyromancers
  An obsidian statue (Lair:5)
  7 orc knights
  A golden dragon skeleton (Tomb:2)
  3 manticores
  An iron dragon zombie (Crypt:3)
  26 deep elf zephyrmancers
  10 orc sorcerers
  34 ugly things
  A frost giant zombie (Crypt:2)
  An alligator zombie (Crypt:1)
  11 salamanders
  Maurice (D:9)
  2 cyclopes
  A will-o-the-wisp (Swamp:2)
  21 elephants
  A moth of wrath (Orc:1)
  5 wolf spiders (Crypt:3)
  4 centaur zombies (Crypt:3)
  3 rust devils (D:10)
  An ice statue (IceCv)
  13 vault sentinels
  A stone giant skeleton (Crypt:1)
  6 kobold blastminers
  28 black mambas
  6 guardian serpents
  A centaur skeleton (Crypt:1)
  A dire elephant zombie (Crypt:3)
  An unseen horror (D:12)
  A titan simulacrum (Crypt:1)
  A molten gargoyle (Desolation)
  19 naga magi
  Joseph (D:8)
  A gargoyle (D:12)
  Jeremiah (D:6)
  16 cane toads
  An elf skeleton (Vaults:3)
  6 freezing wraiths
  A minotaur zombie (Crypt:1)
  2 dire elephant skeletons
  A hellion (Tomb:2)
  12 yaktaurs
  An efreet (D:15)
  7 rime drakes
  7 komodo dragons
  A yellow draconian skeleton (Crypt:2)
  A kobold demonologist (D:12)
  An unseen horror skeleton (Crypt:1)
  A red devil (D:10)
  2 harpy zombies (Crypt:3)
  3 yaktaur skeletons
  A green draconian skeleton (Crypt:2)
  A minotaur skeleton (Crypt:1)
  12 trolls
  37 guardian mummies
  A bloated husk (Swamp:2)
  14 polar bears
  9 tyrant leeches
  16 hornets
  4 harpy skeletons
  36 saltlings (Desolation)
  18 blink frogs
  A stone giant simulacrum (Crypt:1)
  A blink frog (shapeshifter) (Elf:3)
  2 ettin zombies (Crypt:3)
  A culicivora (Vaults:3)
  4 shadows
  3 air elementals
  A centaur simulacrum (D:14)
  2 ettin skeletons (Vaults:3)
  14 wraiths
  A jumping spider (Crypt:3)
  3 water elementals (Elf:2)
  A dire elephant simulacrum (Lair:5)
  66 yaks
  6 wyverns
  A naga simulacrum (Crypt:1)
  15 spriggans
  17 ushabtiu
  2 fire elementals (Elf:3)
  13 wargs
  A human (D:14)
  A steam dragon (Lair:4)
  2 basilisks
  2 neqoxecs (D:10)
  5 redbacks
  11 vampire mosquitoes
  2 spectral cane toads (Lair:5)
  Edmund (D:5)
  A harpy simulacrum (Tomb:2)
  14 swamp worms
  46 nagas
  4 acid dragons
  18 water moccasins
  A glowing shapeshifter skeleton (Vaults:3)
  A two-headed ogre skeleton (Crypt:2)
  A sky beast (D:7)
  An elf simulacrum (Vaults:2)
  A black bear (D:7)
  8 swamp drakes
  A blink frog zombie (Crypt:1)
  51 orc warriors
  5 laughing skulls (Crypt:2)
  8 ogres
  32 wolves
  A lindwurm zombie (Crypt:2)
  8 boggarts
  2 elephant zombies (Lair:5)
  13 centaurs
  An elephant skeleton (Lair:5)
  2 kobold brigands
  2 phantoms
  6 human skeletons (Vaults:3)
  12 necrophages (Crypt:3)
  12 bullfrogs
  An earth elemental (Elf:1)
  2 gnoll sergeants
  A scorpion (D:4)
  7 wights (D:8)
  7 wyvern skeletons (Crypt:3)
  Dowan (D:7)
  A water moccasin skeleton (Crypt:1)
  20 killer bees
  An elephant simulacrum (Lair:5)
  A swamp dragon simulacrum (Crypt:1)
  2 human simulacra (Vaults:2)
  3 electric eels
  A howler monkey (D:6)
  2 bombardier beetles
  5 hounds
  28 orc priests
  2 gnoll boudas
  2 sleepcaps (D:7)
  3 iguanas
  28 orc wizards
  A deep dwarf skeleton (Crypt:1)
  2 naga skeletons
  29 mummies
  19 gnolls
  8 adders
  2 shadow imps
  A white imp (D:4)
  3 ufetubi
  2 ribbon worms
  101 orcs
  6 ball pythons
  5 endoplasms
  3 giant cockroaches
  4 goblins
  7 hobgoblins
  11 jackals
  14 kobolds
  2 quokkas
  2 bats
  4 frilled lizards
  A jackal skeleton (Crypt:2)
  2 quokka skeletons (Crypt:2)
  2 rats
2056 creatures vanquished.

Vanquished Creatures (collateral kills)
  Nikola (Swamp:4)
  Roxanne (D:14)
  2 dire elephants (Lair:5)
  3 deep elf annihilators (Elf:3)
  A mummy priest (Tomb:1)
  A hydra (Swamp:4)
  A two-headed ogre (D:14)
  A deep elf knight (Elf:3)
  A swamp dragon (Swamp:4)
  2 deep elf pyromancers (D:14)
  A komodo dragon (Lair:2)
  2 guardian mummies
  2 trolls (D:14)
  An ushabti (Tomb:1)
  3 yaks (D:9)
  Duvessa (D:7)
  An ice beast (D:7)
  An ogre (D:7)
  2 centaurs (D:7)
  A bullfrog (D:7)
  A cane toad simulacrum (Lair:5)
  An orc priest (D:10)
  An orc wizard (D:10)
  3 mummies (Tomb:1)
35 creatures vanquished.

Vanquished Creatures (others)
  2 sphinxes
  2 acid blobs
  3 azure jellies
  A formless jellyfish (Vaults:4)
  An ironbound thunderhulk (Vaults:4)
  A bennu (Tomb:2)
  A dire elephant (Vaults:2)
  2 mummy priests (Tomb:2)
  3 yaktaur captains (Vaults:4)
  4 great orbs of eyes
  2 centaur warriors (Vaults:1)
  A death knight (Crypt:1)
  A naga warrior (Snake:2)
  A naga sharpshooter (Snake:3)
  11 death scarabs (Tomb:2)
  A shock serpent (Snake:2)
  A deep elf knight (Elf:3)
  2 deep trolls
  A sea snake (shapeshifter) (Vaults:4)
  A goliath frog (Swamp:3)
  A mana viper (shapeshifter) (Vaults:5)
  2 arcanists
  An ironbound convoker (Vaults:4)
  An ugly thing (Vaults:4)
  A vault sentinel (Vaults:4)
  4 yaktaurs (Vaults:4)
  A freezing wraith (Crypt:1)
  A yaktaur (shapeshifter) (Vaults:5)
  A kobold demonologist (D:13)
  2 guardian mummies (Tomb:2)
  2 bloated husks
  A hornet (Swamp:2)
  A saltling (Desolation)
  26 slime creatures
  2 spriggans
  A fire bat (shapeshifter) (D:13)
  A wraith (Crypt:1)
  A yak (Lair:5)
  A human (D:14)
  2 wargs
  2 swamp worms
  3 orc warriors (Orc:2)
  A swamp drake (Swamp:2)
  2 ogres
  2 wolves (IceCv)
  3 boggarts (Vaults:1)
  4 centaurs
  A necrophage (Crypt:3)
  A killer bee (D:9)
  A howler monkey (D:10)
  245 jellies
  An orc priest (D:4)
  A hound (D:6)
  An orc wizard (Vaults:4)
  3 mummies
  2 gnolls
  2 adders (D:6)
  A ribbon worm (D:3)
  12 orcs
  2 endoplasms
  2 hobgoblins
  2 foxfires (Swamp:2)
389 creatures vanquished.

Grand Total: 2480 creatures vanquished

Notes
Turn   | Place    | Note
-------+----------+-------------------------------------------
     0 | D:1      | 7tar4e the Felid Shapeshifter began the quest for the Orb.
     0 | D:1      | Reached XP level 1. HP: 10/10 MP: 2/2
   308 | D:1      | Reached XP level 2. HP: 6/14 MP: 3/3
  1022 | D:2      | Reached XP level 3. HP: 15/18 MP: 4/4
  1058 | D:2      | Found a faded altar of an unknown god.
  1123 | D:2      | Prayed at the altar of an unknown god.
  1123 | D:2      | Became a worshipper of Jiyva Jutsan the Shapeless
  1123 | D:2      | Reached * piety under Jiyva
  1734 | D:3      | Reached ** piety under Jiyva
  1826 | D:3      | Reached XP level 4. HP: 22/22 MP: 5/5
  1826 | D:3      | Gained a life (2 lives remaining)
  1984 | D:3      | Gained mutation: You occasionally lose the ability to read
                  | scrolls when taking damage. [potion of mutation]
  1984 | D:3      | Gained mutation: You have hidden genetic potential. [potion
                  | of mutation]
  1984 | D:3      | Gained mutation: Your mind is acute. (Int +4, Str/Dex -1)
                  | [potion of mutation]
  2096 | D:3      | Slain by an orc
  2096 | D:3      | Lost a life (1 life remaining)
  2536 | D:4      | Reached *** piety under Jiyva
  2537 | D:4      | Noticed a scorpion
  2551 | D:4      | Killed a scorpion
  2552 | D:4      | Reached skill level 5 in Shapeshifting
  2552 | D:4      | Reached XP level 5. HP: 17/25 MP: 6/6
  2560 | D:4      | Gained mutation: You are partially covered in iridescent
                  | scales. (AC +2) [hidden potential]
  2564 | D:4      | Identified the +6 hand axe "Zuenuirphu" {antimagic, Int+2}
  2639 | D:4      | Gained mutation: You are covered in thick fur. (AC +2)
                  | [Felid growth]
  2639 | D:4      | Reached XP level 6. HP: 30/30 MP: 7/7
  2731 | D:4      | Lost mutation: Your mind is acute. (Int +4, Str/Dex -1)
                  | [Jiyva's grace]
  2731 | D:4      | Gained mutation: Your body has grown eyes which may confuse
                  | attackers. (Acc +3) [Jiyva's grace]
  2731 | D:4      | Gained mutation: Your body has grown many eyes which may
                  | confuse attackers. (Acc +5) [Jiyva's grace]
  2731 | D:4      | Gained mutation: Your body is covered in eyes which may
                  | confuse attackers. (Acc +7, SInv) [Jiyva's grace]
  2731 | D:4      | Gained mutation: You have a pair of small antennae on your
                  | head. [Jiyva's grace]
  2780 | D:4      | Found a hide-covered altar of Uskayaw.
  2903 | D:4      | Reached **** piety under Jiyva
  3086 | D:4      | Gained mutation: Your spells are a little harder to cast,
                  | but a little more powerful. [hidden potential]
  3086 | D:4      | Lost mutation: You have hidden genetic potential. [hidden
                  | potential expressed]
  3340 | D:5      | Entered Level 5 of the Dungeon
  3369 | D:5      | Reached skill level 3 in Dodging
  3474 | D:5      | Reached skill level 4 in Dodging
  3474 | D:5      | Reached XP level 7. HP: 31/34 MP: 8/8
  3474 | D:5      | Gained a life (2 lives remaining)
  3489 | D:5      | Noticed Edmund
  3501 | D:5      | Killed Edmund
  3600 | D:5      | Found a sacrificial altar of Ru.
  3670 | D:5      | Paralysed by a gnoll for 5 turns
  3672 | D:5      | Slain by a gnoll
  3672 | D:5      | Lost a life (1 life remaining)
  3706 | D:5      | Found a glowing silver altar of Zin.
  3741 | D:5      | Paralysed by a gnoll for 4 turns
  3781 | D:5      | Found a staircase to the Ecumenical Temple.
  3788 | Temple   | Entered the Ecumenical Temple
  3875 | D:6      | Noticed Jeremiah
  3888 | D:5      | Reached skill level 5 in Dodging
  3910 | D:6      | Killed Jeremiah
  3911 | D:6      | Reached skill level 6 in Dodging
  3911 | D:6      | Reached XP level 8. HP: 23/40 MP: 9/9
  3922 | D:6      | Found Bitinoa's Antique Weapon Emporium.
  3956 | D:6      | Found a hazy altar of Hepliaklqana.
  3976 | D:6      | Found a broken altar of Ashenzari.
  4010 | D:6      | Reached ***** piety under Jiyva
  4033 | D:6      | Found Hiludots's Distillery.
  4053 | D:6      | Bought a potion of heal wounds for 55 gold pieces
  4157 | D:6      | Reached skill level 7 in Dodging
  4167 | D:6      | Lost mutation: Your body is covered in eyes which may
                  | confuse attackers. (Acc +7, SInv) [Jiyva's grace]
  4167 | D:6      | Lost mutation: Your body has grown many eyes which may
                  | confuse attackers. (Acc +5) [Jiyva's grace]
  4167 | D:6      | Gained mutation: You have a small jelly attached to you
                  | that may absorb projectiles. [Jiyva's grace]
  4167 | D:6      | Gained mutation: You expend magic power (3 MP) to
                  | strengthen your wands. [Jiyva's grace]
  4167 | D:6      | Gained mutation: You are robust. (+10% HP) [Jiyva's grace]
  4167 | D:6      | Gained mutation: You are very robust. (+20% HP) [Jiyva's
                  | grace]
  4782 | D:7      | Reached skill level 5 in Unarmed Combat
  4785 | D:7      | Reached skill level 8 in Dodging
  4839 | D:7      | Noticed a troll
  4840 | D:7      | Noticed KineticRobot's ghost (novice HOFi)
  4843 | D:7      | Noticed Dowan
  4846 | D:7      | Noticed a boulder beetle
  4847 | D:7      | Noticed Duvessa
  4851 | D:7      | Killed Dowan
  4861 | D:7      | Killed Duvessa
  4862 | D:7      | Reached XP level 9. HP: 31/55 MP: 10/10
  4877 | D:7      | Found Mygoim's Distillery.
  4885 | D:7      | Bought a potion of degeneration for 12 gold pieces
  4918 | D:7      | Noticed a white ugly thing
  4955 | D:7      | Reached skill level 9 in Dodging
  5086 | D:7      | Found a transporter.
  5105 | D:7      | Found a transporter.
  5242 | D:8      | Reached skill level 5 in Fighting
  5247 | D:8      | Reached skill level 10 in Dodging
  5259 | D:8      | Found an ornate altar of the Wu Jian Council.
  5348 | D:8      | Noticed Joseph
  5357 | D:8      | Killed Joseph
  5358 | D:8      | Reached skill level 11 in Dodging
  5358 | D:8      | Reached XP level 10. HP: 52/63 MP: 11/11
  5358 | D:8      | Gained a life (2 lives remaining)
  5688 | D:8      | Found a stormy altar of Qazlal.
  5920 | D:9      | Reached skill level 12 in Dodging
  6081 | D:9      | Noticed Maurice
  6089 | D:9      | Maurice stole a serpent talisman
  6090 | D:9      | Maurice stole a ring of poison resistance
  6093 | D:9      | Killed Maurice
  6240 | D:10     | Entered Level 10 of the Dungeon
  6252 | D:10     | Gained mutation: You have acidic saliva. [Jiyva's grace]
  6252 | D:10     | Gained mutation: Your natural rate of healing is unusually
                  | fast. [Jiyva's grace]
  6252 | D:10     | Gained mutation: You heal very quickly. [Jiyva's grace]
  6252 | D:10     | Gained mutation: You regenerate. [Jiyva's grace]
  6365 | D:10     | Noticed a rust devil
  6366 | D:10     | Noticed a rust devil
  6366 | D:10     | Noticed a rust devil
  6374 | D:10     | Killed a rust devil
  6375 | D:10     | Killed a rust devil
  6378 | D:10     | Gained mutation: You sometimes lose the ability to read
                  | scrolls when taking damage. [a neqoxec]
  6380 | D:10     | Killed a rust devil
  6381 | D:10     | Reached XP level 11. HP: 69/69 MP: 12/12
  6658 | D:10     | Found a staircase to the Lair.
  7205 | Lair:1   | Entered Level 1 of the Lair of Beasts
  7273 | Lair:1   | Reached skill level 13 in Dodging
  7325 | Lair:1   | Reached ****** piety under Jiyva
  7456 | Lair:1   | Reached skill level 10 in Shapeshifting
  7589 | Lair:1   | Noticed Fannar
  7598 | Lair:1   | Killed Fannar
  7929 | Lair:2   | Found a staircase to the Snake Pit.
  7949 | Lair:2   | Lost mutation: You regenerate. [Jiyva's grace]
  7949 | Lair:2   | Lost mutation: You heal very quickly. [Jiyva's grace]
  7949 | Lair:2   | Lost mutation: You sometimes lose the ability to read
                  | scrolls when taking damage. [Jiyva's grace]
  7949 | Lair:2   | Lost mutation: You occasionally lose the ability to read
                  | scrolls when taking damage. [Jiyva's grace]
  7949 | Lair:2   | Lost mutation: You expend magic power (3 MP) to strengthen
                  | your wands. [Jiyva's grace]
  7949 | Lair:2   | Gained mutation: You have a pair of antennae on your head.
                  | [Jiyva's grace]
  7949 | Lair:2   | Gained mutation: You have a pair of large antennae on your
                  | head. (SInv) [Jiyva's grace]
  7949 | Lair:2   | Gained mutation: You are covered in slimy tendrils that may
                  | disarm your opponents. [Jiyva's grace]
  7949 | Lair:2   | Gained mutation: You have hidden genetic potential.
                  | [Jiyva's grace]
  7963 | Lair:2   | Gained mutation: Your thick and shaggy fur keeps you warm.
                  | (AC +3, rC+) [Felid growth]
  7963 | Lair:2   | Reached XP level 12. HP: 76/78 MP: 13/13
  8011 | Lair:2   | Demolished by a komodo dragon
  8011 | Lair:2   | Lost a life (1 life remaining)
  8098 | Lair:2   | Found a staircase to the Swamp.
  8128 | Lair:2   | Reached skill level 14 in Dodging
  8494 | Lair:3   | Noticed Nessos
  8519 | Lair:3   | Killed Nessos
  8560 | Lair:3   | Gained mutation: You expend magic power (3 MP) to
                  | strengthen your wands. [hidden potential]
  9066 | Lair:4   | Reached skill level 15 in Dodging
  9109 | Lair:4   | Found a frozen archway.
  9118 | IceCv    | Entered an ice cave
  9169 | IceCv    | Reached skill level 10 in Unarmed Combat
  9202 | IceCv    | Reached XP level 13. HP: 84/84 MP: 14/14
  9202 | IceCv    | Gained a life (2 lives remaining)
  9537 | IceCv    | Noticed a frost giant
  9552 | IceCv    | Reached skill level 16 in Dodging
  9553 | IceCv    | Killed a frost giant
  9554 | IceCv    | Reached skill level 10 in Fighting
  9575 | IceCv    | Identified the ring "Peitzem" {rPois rF+ rC+ Will+ Int+6}
  9826 | Lair:4   | Gained mutation: You are mostly covered in iridescent
                  | scales. (AC +4) [hidden potential]
  9826 | Lair:4   | Lost mutation: You have hidden genetic potential. [hidden
                  | potential expressed]
 10303 | Lair:4   | Found a snail-covered altar of Cheibriados.
 10420 | Lair:4   | Lost mutation: You have a pair of large antennae on your
                  | head. (SInv) [Jiyva's grace]
 10420 | Lair:4   | Lost mutation: You have a pair of antennae on your head.
                  | [Jiyva's grace]
 10420 | Lair:4   | Lost mutation: Your natural rate of healing is unusually
                  | fast. [Jiyva's grace]
 10420 | Lair:4   | Lost mutation: You are covered in slimy tendrils that may
                  | disarm your opponents. [Jiyva's grace]
 10420 | Lair:4   | Lost mutation: You expend magic power (3 MP) to strengthen
                  | your wands. [Jiyva's grace]
 10420 | Lair:4   | Gained mutation: Your spells are harder to cast, but more
                  | powerful. [Jiyva's grace]
 10420 | Lair:4   | Gained mutation: Your spells are much harder to cast, but
                  | much more powerful. [Jiyva's grace]
 10420 | Lair:4   | Gained mutation: You are strong-willed. (Will+) [Jiyva's
                  | grace]
 10420 | Lair:4   | Gained mutation: You are highly strong-willed. (Will++)
                  | [Jiyva's grace]
 10725 | Lair:5   | Entered Level 5 of the Lair of Beasts
 10817 | Lair:5   | Found a staircase to the Slime Pits.
 10818 | Lair:5   | Found a viscous altar of Jiyva.
 10825 | Slime:1  | Entered Level 1 of the Pits of Slime
 10888 | Slime:1  | Noticed a quicksilver ooze
 10928 | Slime:1  | Noticed an acid blob
 10994 | Slime:2  | Noticed an azure jelly
 10994 | Slime:2  | Noticed an azure jelly
 10994 | Slime:2  | Noticed an azure jelly
 10994 | Slime:2  | Noticed an azure jelly
 10994 | Slime:2  | Noticed an azure jelly
 10994 | Slime:2  | Noticed an azure jelly
 10994 | Slime:2  | Noticed an azure jelly
 11004 | Slime:2  | Noticed a quicksilver ooze
 11048 | Slime:2  | Noticed an acid blob
 11166 | Slime:3  | Noticed Dissolution
 11173 | Slime:3  | Noticed an acid blob
 11180 | Slime:3  | Noticed a formless jellyfish
 11180 | Slime:3  | Noticed a formless jellyfish
 11186 | Slime:3  | Noticed an acid blob
 11192 | Slime:3  | Noticed a formless jellyfish
 11312 | Slime:3  | Noticed an azure jelly
 11338 | Slime:3  | Noticed a formless jellyfish
 11339 | Slime:3  | Noticed a quicksilver ooze
 11339 | Slime:3  | Noticed a formless jellyfish
 11340 | Slime:3  | Noticed a formless jellyfish
 11451 | Slime:4  | Noticed an azure jelly
 11547 | Slime:5  | Entered Level 5 of the Pits of Slime
 11564 | Slime:5  | Got a slimy rune of Zot
 11565 | Slime:5  | Identified the +6 war axe of a bailey {freeze, rPois Dex+3}
 11578 | Slime:5  | Noticed an acid blob
 11605 | Slime:5  | Noticed an acid blob
 11625 | Slime:5  | Noticed a rockslime
 11631 | Slime:5  | Noticed an acid blob
 11641 | Slime:5  | Noticed a quicksilver ooze
 11657 | Slime:5  | Noticed a quicksilver ooze
 11662 | Slime:5  | Noticed a rockslime
 11698 | Slime:5  | Noticed a quicksilver ooze
 11698 | Slime:5  | Noticed an acid blob
 11722 | Slime:5  | Noticed an acid blob
 11726 | Slime:5  | Noticed an acid blob
 11751 | Slime:5  | Noticed the Royal Jelly
 11774 | Slime:5  | Found a viscous altar of Jiyva.
 11812 | Slime:5  | Noticed an acid blob
 11861 | Slime:5  | Noticed an acid blob
 11887 | Slime:5  | Noticed a rockslime
 11976 | Slime:4  | Noticed a rockslime
 12102 | Slime:4  | Noticed a rockslime
 12162 | Slime:3  | Noticed an acid blob
 12173 | Slime:3  | Noticed a rockslime
 12281 | Slime:2  | Noticed a rockslime
 12507 | Lair:5   | Reached XP level 14. HP: 68/92 MP: 15/15
 12544 | Lair:5   | Identified the +3 great sword "Cat's Death" {antimagic,
                  | rPois Str+2 Int+2 Dex+3}
 13113 | Lair:5   | Identified the staff "Enoisem" {rF+ Int-2 Conj Fire Ice}
 13114 | Lair:5   | Got an earthy gem with 174 turns to spare
 13205 | Lair:5   | Identified the ring "Cuhigoko" {rF- rN+ Slay+4 SInv Stlth+}
 13375 | Lair:5   | Reached skill level 15 in Shapeshifting
 13961 | D:11     | Identified a scroll of acquirement
 13962 | D:11     | Acquired 913 gold pieces
 13975 | D:11     | Lost mutation: You are mostly covered in iridescent scales.
                  | (AC +4) [Jiyva's grace]
 13975 | D:11     | Lost mutation: You are highly strong-willed. (Will++)
                  | [Jiyva's grace]
 13975 | D:11     | Lost mutation: You have acidic saliva. [Jiyva's grace]
 13975 | D:11     | Lost mutation: You have a small jelly attached to you that
                  | may absorb projectiles. [Jiyva's grace]
 13975 | D:11     | Gained mutation: Your system is resistant to poisons.
                  | (rPois) [Jiyva's grace]
 13975 | D:11     | Gained mutation: You are mostly covered in iridescent
                  | scales. (AC +4) [Jiyva's grace]
 13975 | D:11     | Gained mutation: You are completely covered in iridescent
                  | scales. (AC +6) [Jiyva's grace]
 13975 | D:11     | Gained mutation: Your natural rate of healing is unusually
                  | fast. [Jiyva's grace]
 14323 | D:11     | Found a staircase to the Orcish Mines.
 14326 | D:11     | You fall into a shaft and drop 3 floors!
 14334 | D:14     | Noticed Rupert
 14348 | D:14     | Killed Rupert
 14359 | D:14     | Noticed Kirke
 14371 | D:14     | Killed Kirke
 14573 | D:14     | Found a gate to the Vaults.
 14626 | D:14     | Reached XP level 15. HP: 46/97 MP: 16/16
 14663 | D:14     | Noticed Roxanne
 14701 | D:14     | Killed Roxanne
 14702 | D:14     | Reached skill level 17 in Dodging
 14990 | D:15     | Entered Level 15 of the Dungeon
 15218 | D:15     | Found a staircase to the Depths.
 15224 | D:15     | Got a smoky gem with 79 turns to spare
 15396 | D:13     | Found Tycvoec's Vocational Training.
 15529 | D:12     | Lost mutation: You have a pair of small antennae on your
                  | head. [Jiyva's grace]
 15529 | D:12     | Lost mutation: Your spells are much harder to cast, but
                  | much more powerful. [Jiyva's grace]
 15529 | D:12     | Gained mutation: You are covered in slimy tendrils that may
                  | disarm your opponents. [Jiyva's grace]
 15529 | D:12     | Gained mutation: You passively map a small area around you.
                  | [Jiyva's grace]
 15529 | D:12     | Gained mutation: You passively map the area around you.
                  | [Jiyva's grace]
 15529 | D:12     | Gained mutation: You passively map a large area around you.
                  | [Jiyva's grace]
 16301 | Orc:1    | Entered Level 1 of the Orcish Mines
 16414 | Orc:1    | Noticed Josephine
 16423 | Orc:1    | Killed Josephine
 16548 | Orc:1    | Noticed Jorgrun
 16558 | Orc:1    | Killed Jorgrun
 16620 | Orc:1    | Found a transporter.
 16623 | Orc:1    | Noticed MirrMurr's ghost (adept DsBe)
 16658 | Orc:1    | Found a transporter.
 16664 | Orc:1    | Noticed Erica
 16674 | Orc:1    | Killed Erica
 16724 | Orc:1    | Killed MirrMurr's ghost
 16730 | Orc:1    | Identified the +0 hat "Bour Ong" {rElec rF+ Int+2}
 16731 | Orc:1    | Identified the +3 war axe of the Inferno {speed, rN+}
 17068 | D:7      | Killed KineticRobot's ghost
 17132 | D:7      | Identified the +3 battleaxe of the Holding Wolf {antimagic,
                  | rPois}
 17243 | Orc:2    | Entered Level 2 of the Orcish Mines
 17309 | Orc:2    | Lost mutation: Your system is resistant to poisons. (rPois)
                  | [Jiyva's grace]
 17309 | Orc:2    | Lost mutation: You are very robust. (+20% HP) [Jiyva's
                  | grace]
 17309 | Orc:2    | Lost mutation: Your spells are harder to cast, but more
                  | powerful. [Jiyva's grace]
 17309 | Orc:2    | Lost mutation: Your body has grown eyes which may confuse
                  | attackers. (Acc +3) [Jiyva's grace]
 17309 | Orc:2    | Gained mutation: Your mind is acute. (Int +4, Str/Dex -1)
                  | [Jiyva's grace]
 17309 | Orc:2    | Gained mutation: Your mind is very acute. (Int +8, Str/Dex
                  | -2) [Jiyva's grace]
 17309 | Orc:2    | Gained mutation: Armour fits poorly on your pseudopods.
                  | [Jiyva's grace]
 17309 | Orc:2    | Gained mutation: Armour fits poorly on your large
                  | pseudopods. [Jiyva's grace]
 17336 | Orc:2    | Reached skill level 18 in Dodging
 17563 | Orc:2    | Found a staircase to the Elven Halls.
 17733 | Orc:2    | Reached XP level 16. HP: 96/96 MP: 17/17
 17997 | Orc:2    | Found Ekodifid's Antique Weapon Shop.
 18084 | Orc:2    | Found Zepuoxku's Antique Weapon Emporium.
 18214 | Orc:2    | Found Noifriegg's Magic Scroll Boutique.
 18248 | Orc:2    | Found Emnaiso's Distillery.
 18254 | Orc:2    | Bought a potion of heal wounds for 85 gold pieces
 18824 | Swamp:1  | Entered Level 1 of the Swamp
 18993 | Swamp:3  | Noticed Donald
 19009 | Swamp:3  | Killed Donald
 19075 | Swamp:4  | Entered Level 4 of the Swamp
 19101 | Swamp:4  | Noticed Nikola
 19116 | Swamp:4  | Noticed a tentacled monstrosity
 19142 | Swamp:3  | Killed a tentacled monstrosity
 19198 | Swamp:3  | Reached skill level 19 in Dodging
 19275 | Swamp:4  | Killed Nikola
 19284 | Swamp:4  | Noticed a thorn hunter
 19300 | Swamp:4  | Killed a thorn hunter
 19408 | Swamp:4  | Noticed Mlioglotl
 19415 | Swamp:4  | Noticed a lich
 19427 | Swamp:4  | Killed Mlioglotl
 19428 | Swamp:4  | Reached XP level 17. HP: 92/103 MP: 18/18
 19507 | Swamp:4  | Lost mutation: Your mind is very acute. (Int +8, Str/Dex
                  | -2) [Jiyva's grace]
 19507 | Swamp:4  | Lost mutation: Your mind is acute. (Int +4, Str/Dex -1)
                  | [Jiyva's grace]
 19507 | Swamp:4  | Lost mutation: Armour fits poorly on your large pseudopods.
                  | [Jiyva's grace]
 19507 | Swamp:4  | Lost mutation: Armour fits poorly on your pseudopods.
                  | [Jiyva's grace]
 19507 | Swamp:4  | Gained mutation: Your spells are harder to cast, but more
                  | powerful. [Jiyva's grace]
 19507 | Swamp:4  | Gained mutation: Your spells are much harder to cast, but
                  | much more powerful. [Jiyva's grace]
 19507 | Swamp:4  | Gained mutation: You are very robust. (+20% HP) [Jiyva's
                  | grace]
 19507 | Swamp:4  | Gained mutation: You are extremely robust. (+30% HP)
                  | [Jiyva's grace]
 19535 | Swamp:4  | Got a mossy gem with 767 turns to spare
 19537 | Swamp:4  | Got a decaying rune of Zot
 20752 | Swamp:1  | You fall into a shaft and drop 1 floor!
 21169 | Snake:1  | Entered Level 1 of the Snake Pit
 21208 | Snake:2  | Lost mutation: You are completely covered in iridescent
                  | scales. (AC +6) [Jiyva's grace]
 21208 | Snake:2  | Lost mutation: You are strong-willed. (Will+) [Jiyva's
                  | grace]
 21208 | Snake:2  | Lost mutation: You are extremely robust. (+30% HP) [Jiyva's
                  | grace]
 21208 | Snake:2  | Lost mutation: Your spells are much harder to cast, but
                  | much more powerful. [Jiyva's grace]
 21208 | Snake:2  | Gained mutation: Your muscles are strong. (Str +4, Int/Dex
                  | -1) [Jiyva's grace]
 21208 | Snake:2  | Gained mutation: Your muscles are very strong. (Str +8,
                  | Int/Dex -2) [Jiyva's grace]
 21208 | Snake:2  | Gained mutation: You have a small jelly attached to you
                  | that senses nearby items. [Jiyva's grace]
 21208 | Snake:2  | Gained mutation: Your rubbery body absorbs attacks. (AC +1,
                  | EV +1) [Jiyva's grace]
 21280 | Snake:4  | Entered Level 4 of the Snake Pit
 21638 | Snake:4  | Reached skill level 20 in Dodging
 21649 | Snake:4  | Found a shimmering altar of Xom.
 21867 | Snake:4  | Got a jade gem with 1456 turns to spare
 21869 | Snake:4  | Got a serpentine rune of Zot
 22117 | Snake:4  | Reached XP level 18. HP: 121/121 MP: 19/19
 22469 | Snake:3  | Noticed Vashnia
 22559 | Snake:3  | Killed Vashnia
 22596 | Snake:3  | Acquired a manual of Unarmed Combat
 22743 | Snake:3  | Lost mutation: You are mostly covered in iridescent scales.
                  | (AC +4) [Jiyva's grace]
 22743 | Snake:3  | Lost mutation: You passively map a large area around you.
                  | [Jiyva's grace]
 22743 | Snake:3  | Lost mutation: You are very robust. (+20% HP) [Jiyva's
                  | grace]
 22743 | Snake:3  | Lost mutation: Your muscles are very strong. (Str +8,
                  | Int/Dex -2) [Jiyva's grace]
 22743 | Snake:3  | Lost mutation: Your muscles are strong. (Str +4, Int/Dex
                  | -1) [Jiyva's grace]
 22743 | Snake:3  | Lost mutation: Your spells are harder to cast, but more
                  | powerful. [Jiyva's grace]
 22743 | Snake:3  | Gained mutation: You heal very quickly. [Jiyva's grace]
 22743 | Snake:3  | Gained mutation: You regenerate. [Jiyva's grace]
 22743 | Snake:3  | Gained mutation: You are mostly covered in iridescent
                  | scales. (AC +4) [Jiyva's grace]
 22743 | Snake:3  | Gained mutation: You are completely covered in iridescent
                  | scales. (AC +6) [Jiyva's grace]
 23580 | Snake:1  | Found Zoporog's Distillery.
 23585 | Snake:1  | Bought 2 potions of curing for 78 gold pieces
 23585 | Snake:1  | Bought a potion of curing for 39 gold pieces
 23585 | Snake:1  | Bought a potion of curing for 39 gold pieces
 23890 | Snake:1  | Reached skill level 15 in Unarmed Combat
 23951 | Snake:1  | Lost mutation: You are completely covered in iridescent
                  | scales. (AC +6) [Jiyva's grace]
 23951 | Snake:1  | Lost mutation: Your spells are a little harder to cast, but
                  | a little more powerful. [Jiyva's grace]
 23951 | Snake:1  | Lost mutation: You have a small jelly attached to you that
                  | senses nearby items. [Jiyva's grace]
 23951 | Snake:1  | Gained mutation: You have a pair of small horns on your
                  | head. [Jiyva's grace]
 23951 | Snake:1  | Gained mutation: You have a pair of horns on your head.
                  | [Jiyva's grace]
 23951 | Snake:1  | Gained mutation: You have a pair of large horns on your
                  | head. [Jiyva's grace]
 23951 | Snake:1  | Gained mutation: You are partially covered in large bone
                  | plates. (SH +4) [Jiyva's grace]
 24283 | Elf:1    | Entered Level 1 of the Elven Halls
 24291 | Elf:1    | Reached skill level 21 in Dodging
 24484 | Elf:2    | Found a runed translucent gate.
 24484 | Elf:2    | Found a runed translucent gate.
 24484 | Elf:2    | Found a runed translucent gate.
 24630 | Elf:2    | Reached XP level 19. HP: 117/117 MP: 20/20
 24732 | Elf:2    | You fall into a shaft and drop 1 floor!
 24732 | Elf:3    | Entered Level 3 of the Elven Halls
 24859 | Elf:3    | Found Zeymul's Book Emporium.
 24864 | Elf:3    | Found Hecij Erch's Magic Scroll Shoppe.
 24870 | Elf:3    | Found Pehucut's Magic Scroll Emporium.
 24885 | Elf:3    | Reached skill level 15 in Fighting
 25007 | Elf:3    | Noticed Louise
 25028 | Elf:3    | Killed Louise
 25034 | Elf:3    | Killed the ghostly Louise
 25072 | Elf:3    | Identified the +3 mace of Mutilation {elec, rC++ Will+}
 25150 | Elf:3    | Got Vaexel's Anthology of the Hapless Mausoleum
 25158 | Elf:3    | Got a shimmering gem with 618 turns to spare
 25167 | Elf:3    | Got Viff's Writings on the Mountains
 25179 | Elf:3    | Noticed a Tzitzimitl
 25677 | Elf:2    | Got the Secrets of Conflict
 26402 | Elf:1    | Reached skill level 22 in Dodging
 26552 | Elf:1    | Lost mutation: You are mostly covered in iridescent scales.
                  | (AC +4) [Jiyva's grace]
 26552 | Elf:1    | Lost mutation: You regenerate. [Jiyva's grace]
 26552 | Elf:1    | Lost mutation: Your rubbery body absorbs attacks. (AC +1,
                  | EV +1) [Jiyva's grace]
 26552 | Elf:1    | Gained mutation: You have acidic saliva. [Jiyva's grace]
 26552 | Elf:1    | Gained mutation: You expend magic power (3 MP) to
                  | strengthen your wands. [Jiyva's grace]
 26552 | Elf:1    | Gained mutation: You have a somewhat thin skeletal
                  | structure. (Dex +2, Stealth+) [Jiyva's grace]
 26552 | Elf:1    | Gained mutation: You have a moderately thin skeletal
                  | structure. (Dex +4, Stealth++) [Jiyva's grace]
 26570 | Elf:1    | Got Riucu's Anthology of the Swarm
 26658 | Elf:1    | Found Voyqez's Weapon Boutique.
 27017 | Vaults:1 | Entered Level 1 of the Vaults
 27176 | Vaults:1 | Reached XP level 20. HP: 99/125 MP: 21/21
 27673 | Vaults:2 | Found Haziuv's Weapon Shoppe.
 28136 | Vaults:3 | Found a crumbling gateway.
 28155 | Desolati | Entered the Desolation of Salt
 28155 | Desolati | Lost mutation: You have a pair of large horns on your head.
                  | [Jiyva's grace]
 28155 | Desolati | Lost mutation: You are partially covered in iridescent
                  | scales. (AC +2) [Jiyva's grace]
 28155 | Desolati | Lost mutation: You have a moderately thin skeletal
                  | structure. (Dex +4, Stealth++) [Jiyva's grace]
 28155 | Desolati | Lost mutation: You passively map the area around you.
                  | [Jiyva's grace]
 28155 | Desolati | Lost mutation: You are robust. (+10% HP) [Jiyva's grace]
 28155 | Desolati | Lost mutation: You expend magic power (3 MP) to strengthen
                  | your wands. [Jiyva's grace]
 28155 | Desolati | Gained mutation: Your flesh is cold resistant. (rC+)
                  | [Jiyva's grace]
 28155 | Desolati | Gained mutation: Your flesh is very cold resistant. (rC++)
                  | [Jiyva's grace]
 28155 | Desolati | Gained mutation: Your flesh is almost immune to the effects
                  | of cold. (rC+++) [Jiyva's grace]
 28155 | Desolati | Gained mutation: Your spells are a little harder to cast,
                  | but a little more powerful. [Jiyva's grace]
 28232 | Desolati | Got Lehudib's Tome of Power
 28252 | Desolati | Got the Catalogue of Dusty Substances
 28325 | Desolati | Reached skill level 23 in Dodging
 28472 | Desolati | Got Jinuf's Opusculum on Topology and Clay
 28482 | Desolati | Got Sif Muna's Anthology of Command
 28501 | Desolati | Identified the amulet of Modesty {Acrobat rElec Dex+2}
 28929 | Vaults:4 | Noticed a golden dragon
 28935 | Vaults:4 | Killed a golden dragon
 28938 | Vaults:4 | Found Udugh's Jewellery Shoppe.
 28948 | Vaults:4 | Bought the storm talisman of the Platytaur {Str+4} for 3478
                  | gold pieces
 28982 | Vaults:4 | Reached XP level 21. HP: 120/120 MP: 22/22
 29072 | Vaults:4 | Learned a level 3 spell: Ozocubu's Armour
 29132 | Vaults:4 | Found Gymikhlyz's Distillery.
 29221 | Vaults:5 | Entered Level 5 of the Vaults
 29317 | Vaults:5 | Got a shining gem with 1573 turns to spare
 29319 | Vaults:5 | Got a silver rune of Zot
 29815 | Vaults:5 | Identified the +6 long sword of Pride {flame, Will++ Dex+3}
 29828 | Vaults:5 | Reached XP level 22. HP: 126/126 MP: 23/23
 30183 | Vaults:5 | Lost mutation: You have a somewhat thin skeletal structure.
                  | (Dex +2, Stealth+) [Jiyva's grace]
 30183 | Vaults:5 | Lost mutation: Your flesh is almost immune to the effects
                  | of cold. (rC+++) [Jiyva's grace]
 30183 | Vaults:5 | Lost mutation: Your spells are a little harder to cast, but
                  | a little more powerful. [Jiyva's grace]
 30183 | Vaults:5 | Gained mutation: Your flesh is almost immune to the effects
                  | of cold. (rC+++) [Jiyva's grace]
 30183 | Vaults:5 | Gained mutation: Your mind is acute. (Int +4, Str/Dex -1)
                  | [Jiyva's grace]
 30183 | Vaults:5 | Gained mutation: Your mind is very acute. (Int +8, Str/Dex
                  | -2) [Jiyva's grace]
 30183 | Vaults:5 | Gained mutation: You are robust. (+10% HP) [Jiyva's grace]
 30482 | Vaults:4 | Noticed Bai Suzhen
 30497 | Vaults:4 | Killed Bai Suzhen
 30920 | Vaults:4 | Found Dur Xoe's Book Emporium.
 31049 | Vaults:3 | Found a staircase to the Crypt.
 32349 | Vaults:4 | Bought an amulet of regeneration for 570 gold pieces
 33095 | Vaults:1 | Lost mutation: Your flesh is almost immune to the effects
                  | of cold. (rC+++) [Jiyva's grace]
 33095 | Vaults:1 | Lost mutation: You passively map a small area around you.
                  | [Jiyva's grace]
 33095 | Vaults:1 | Lost mutation: You heal very quickly. [Jiyva's grace]
 33095 | Vaults:1 | Lost mutation: Your natural rate of healing is unusually
                  | fast. [Jiyva's grace]
 33095 | Vaults:1 | Gained mutation: Your body has grown eyes which may confuse
                  | attackers. (Acc +3) [Jiyva's grace]
 33095 | Vaults:1 | Gained mutation: Your body has grown many eyes which may
                  | confuse attackers. (Acc +5) [Jiyva's grace]
 33095 | Vaults:1 | Gained mutation: Your body is covered in eyes which may
                  | confuse attackers. (Acc +7, SInv) [Jiyva's grace]
 33095 | Vaults:1 | Gained mutation: You have a small jelly attached to you
                  | that may absorb projectiles. [Jiyva's grace]
 33268 | Crypt:1  | Entered Level 1 of the Crypt
 33359 | Crypt:1  | Noticed Zenata
 33415 | Crypt:1  | Slimified Zenata
 33415 | Crypt:1  | Zenata changed into Zenata the acid blob
 33415 | Crypt:1  | Noticed Zenata
 33963 | Crypt:3  | Entered Level 3 of the Crypt
 33984 | Crypt:3  | Reached XP level 23. HP: 141/141 MP: 24/24
 34105 | Crypt:3  | Noticed a royal mummy
 34106 | Crypt:3  | Noticed a royal mummy
 34107 | Crypt:3  | Noticed Khufu
 34117 | Crypt:3  | Killed a royal mummy
 34121 | Crypt:3  | Slimified Khufu
 34121 | Crypt:3  | Khufu changed into Khufu the azure jelly
 34121 | Crypt:3  | Noticed Khufu
 34124 | Crypt:3  | Killed Khufu the azure jelly
 34125 | Crypt:3  | Reached skill level 24 in Dodging
 34131 | Crypt:3  | Killed a royal mummy
 34150 | Crypt:3  | Got an ivory gem with 649 turns to spare
 34151 | Crypt:3  | Identified the +4 scale mail of Gravity {rF+}
 34271 | Crypt:3  | Reached skill level 1 in Evocations
 34289 | Crypt:3  | Reached skill level 1 in Ice Magic
 34299 | Crypt:3  | Found a basalt altar of Yredelemnul.
 34622 | Crypt:3  | Lost mutation: You are partially covered in large bone
                  | plates. (SH +4) [Jiyva's grace]
 34622 | Crypt:3  | Lost mutation: Your flesh is very cold resistant. (rC++)
                  | [Jiyva's grace]
 34622 | Crypt:3  | Lost mutation: Your body is covered in eyes which may
                  | confuse attackers. (Acc +7, SInv) [Jiyva's grace]
 34622 | Crypt:3  | Gained mutation: You are partially covered in iridescent
                  | scales. (AC +2) [Jiyva's grace]
 34622 | Crypt:3  | Gained mutation: You are mostly covered in iridescent
                  | scales. (AC +4) [Jiyva's grace]
 34622 | Crypt:3  | Gained mutation: You are completely covered in iridescent
                  | scales. (AC +6) [Jiyva's grace]
 34622 | Crypt:3  | Gained mutation: Your body is covered in eyes which may
                  | confuse attackers. (Acc +7, SInv) [Jiyva's grace]
 34793 | Crypt:3  | Found a staircase to the Tomb.
 35025 | Crypt:3  | Identified the ring "Valuklymm" {rN+ Int+3 Dex+3}
 35025 | Crypt:3  | Identified the amulet "Ihonom" {rPois rC- Regen+ Str+8}
 35025 | Crypt:3  | Identified the ring of Mesef {rN+ Dex+7}
 36039 | Crypt:1  | Lost mutation: You are completely covered in iridescent
                  | scales. (AC +6) [Jiyva's grace]
 36039 | Crypt:1  | Lost mutation: Your body is covered in eyes which may
                  | confuse attackers. (Acc +7, SInv) [Jiyva's grace]
 36039 | Crypt:1  | Lost mutation: Your body has grown many eyes which may
                  | confuse attackers. (Acc +5) [Jiyva's grace]
 36039 | Crypt:1  | Lost mutation: You have a small jelly attached to you that
                  | may absorb projectiles. [Jiyva's grace]
 36039 | Crypt:1  | Gained mutation: You have a small jelly attached to you
                  | that may absorb projectiles. [Jiyva's grace]
 36039 | Crypt:1  | Gained mutation: You are completely covered in iridescent
                  | scales. (AC +6) [Jiyva's grace]
 36039 | Crypt:1  | Gained mutation: Your muscles are strong. (Str +4, Int/Dex
                  | -1) [Jiyva's grace]
 36039 | Crypt:1  | Gained mutation: Your muscles are very strong. (Str +8,
                  | Int/Dex -2) [Jiyva's grace]
 36255 | Tomb:1   | Entered Level 1 of the Tomb of the Ancients
 36408 | Tomb:1   | Noticed a royal mummy
 36415 | Tomb:1   | Noticed a royal mummy
 36420 | Tomb:1   | Killed a royal mummy
 36425 | Tomb:1   | Killed a royal mummy
 36708 | Tomb:2   | Noticed a royal mummy
 36720 | Tomb:2   | Killed a royal mummy
 36721 | Tomb:2   | Noticed a royal mummy
 36731 | Tomb:2   | Killed a royal mummy
 36732 | Tomb:2   | Reached skill level 25 in Dodging
 36747 | Tomb:2   | Noticed a royal mummy
 36747 | Tomb:2   | Noticed a royal mummy
 36753 | Tomb:2   | Slimified a royal mummy
 36753 | Tomb:2   | a royal mummy changed into an acid blob
 36804 | Tomb:2   | Noticed Mennas
 36808 | Tomb:2   | Killed Mennas
 36809 | Tomb:2   | Reached XP level 24. HP: 59/150 MP: 24/24
 36827 | Tomb:2   | Reached skill level 5 in Evocations
 36830 | Tomb:2   | Slain by a royal mummy
 36830 | Tomb:2   | Lost a life (1 life remaining)
 36860 | Tomb:2   | Paralysed by a Zot trap for 2 turns
 36942 | Tomb:2   | Killed a royal mummy
 37037 | Tomb:1   | Noticed a royal mummy
 37047 | Tomb:1   | Killed a royal mummy
 37057 | Tomb:1   | Noticed a royal mummy
 37057 | Tomb:1   | Noticed a royal mummy
 37058 | Tomb:1   | Slimified a royal mummy
 37058 | Tomb:1   | a royal mummy changed into an acid blob
 37067 | Tomb:1   | Killed a royal mummy
 37095 | Tomb:1   | Noticed a royal mummy
 37104 | Tomb:1   | Killed a royal mummy
 37120 | Tomb:1   | Noticed a royal mummy
 37132 | Tomb:1   | Killed a royal mummy
 37186 | Tomb:1   | Noticed a royal mummy
 37189 | Tomb:1   | Noticed a royal mummy
 37190 | Tomb:1   | Noticed a royal mummy
 37192 | Tomb:1   | Slimified a royal mummy
 37192 | Tomb:1   | a royal mummy changed into an azure jelly
 37205 | Tomb:1   | Killed a royal mummy
 37205 | Tomb:1   | Noticed a royal mummy
 37206 | Tomb:1   | Killed a royal mummy
 37207 | Tomb:1   | Noticed a royal mummy
 37214 | Tomb:1   | Killed a royal mummy
 37218 | Tomb:1   | Noticed a royal mummy
 37221 | Tomb:1   | Slain by an emperor scorpion
 37221 | Tomb:1   | Lost a life (0 lives remaining)
 37457 | Tomb:1   | Killed a royal mummy
 37458 | Tomb:1   | Reached skill level 5 in Ice Magic
 37459 | Tomb:1   | Noticed a royal mummy
 37462 | Tomb:1   | Killed a royal mummy
 37479 | Tomb:1   | Killed a royal mummy
 37538 | Tomb:1   | Noticed a royal mummy
 37543 | Tomb:1   | Noticed a royal mummy
 37546 | Tomb:1   | Killed a royal mummy
 37554 | Tomb:1   | Killed a royal mummy
 37600 | Tomb:1   | Noticed a royal mummy
 37602 | Tomb:1   | Noticed a royal mummy
 37612 | Tomb:1   | Killed a royal mummy
 37624 | Tomb:1   | Killed a royal mummy
 38663 | Tomb:3   | Entered Level 3 of the Tomb of the Ancients
 38678 | Tomb:3   | Reached skill level 26 in Dodging
 38678 | Tomb:3   | Noticed a royal mummy
 38679 | Tomb:3   | Noticed a royal mummy
 38681 | Tomb:3   | Slimified a royal mummy
 38681 | Tomb:3   | a royal mummy changed into an acid blob
 38681 | Tomb:3   | Noticed a royal mummy
 38682 | Tomb:3   | Paralysed by a Zot trap for 4 turns
 38684 | Tomb:3   | Noticed a royal mummy
 38685 | Tomb:3   | Killed from afar by a mummy priest

Illustrated notes

Levels and vault maps discovered:
D:1:      wander_arrival_estate, layout_loops_ring, corner_web_ring
D:2:      layout_basic, ebering_ecumenical_altar_abandoned,
          kennysheep_generic_room_15
D:3:      layout_loops_cross
D:4:      cheibrodos_helix_gallery, layout_loops_corners,
          mainiacjoe_overflow_alcove_1, serial_glass, glass_columns_c,
          glass_columns_c, minmay_strange_pillars
D:5:      layout_basic, kennysheep_mini, nicolae_ru_the_path_less_chosen,
          minmay_temple_entry_enclosed_plants, uniq_edmund
D:6:      layout_cave_pods, ashenzari_altar_1, kennysheep_mini_moat,
          serial_shops, shop, nicolae_stop_n_shop_2, uniq_jeremiah
D:7:      layout_rooms, serial_shops, shop, nzn_ghost_randoct,
          hangedman_decor_peaks_small, uniq_duvessa
D:8:      lemuel_ice_spiral_2, layout_rooms, nicolae_qazlal_eye_of_the_storm,
          nicolae_wu_jian_wuxing_cycle, minmay_misc_feat_four_crosses,
          uniq_joseph
D:9:      layout_roguey, uniq_maurice
D:10:     layout_irregular_city, lair_entry_dummy,
          serial_library_hellmonk_recessed_alcove, nicolae_neqoxec_dot_bat
D:11:     layout_small_grid, david_orc_1_choice, serial_co_window_serial,
          co_window_paths_a, co_window_corner_a, co_window_cross_1,
          co_window_of_opportunity_a, co_window_paths_b,
          co_window_of_opportunity_c, co_window_broadway_a, co_window_cross_3,
          co_window_2corner, co_window_4corner_b
D:12:     layout_long_grid, grunt_decor_resistance
D:13:     layout_cross, nicolae_shop_vocational
D:14:     layout_cave_pools, david_vaults_1, minmay_misc_feat_rugged,
          uniq_roxanne, uniq_kirke, uniq_rupert
D:15:     hangedman_depths_entry_civil_slaughter, layout_basic,
          nicolae_trove_entry_path_of_doom
Temple:   nicolae_temple_superstar
Lair:1:   layout_misc_corridors, serial_bayou_shore_b, uniq_fannar
Lair:2:   layout_long_grid, mainiacjoe_swamp_entry_angry_trees,
          minmay_snake_entry_six_corridors, beast_lair_carwin_5
Lair:3:   layout_misc_corridors, lemuel_fruit_tree, grunt_megastairs_2,
          uniq_nessos
Lair:4:   layout_cave_pods, portal_ice_cave_rime, lemuel_centaur_altar
Lair:5:   due_jungle_book, layout_regular_city, minmay_slime_entry_jelly_boxes
Swamp:1:  layout_basic_swamp, nicolae_swamp_very_dense_foliage
Swamp:2:  layout_basic_swamp, nicolae_swamp_dense_foliage, swamp_pool_5,
          infiniplex_staircase_pool, nicolae_swamp_tree_isthmus
Swamp:3:  layout_falls_marsh, nicolae_swamp_fairy_circle, uniq_donald
Swamp:4:  swamp_alternative, layout_basic_swamp, uniq_mlioglotl, uniq_nikola
Snake:1:  layout_misc_corridors, serial_shops, nicolae_shop_advertising_works
          [nicolae_subvault_shop_adworks], serial_bayou_shore_a
Snake:2:  layout_grid_maze, evilmike_ambush [evilmike_ambush_outer_basic,
          evilmike_ambush_inner_basic]
Snake:3:  layout_misc_corridors, drop_trap, serial_bayou_lake_a, uniq_vashnia
Snake:4:  snake_pit, layout_cave_town, basic_altar,
          nicolae_snake_slithery_hallway
Slime:1:  layout_caves, cheibrodos_slime_lost_civilization_6
Slime:2:  layout_caves, nicolae_slime_welcoming_committee
Slime:3:  nicolae_slime_pool, layout_caves, dissolution_awaits
Slime:4:  layout_caves
Slime:5:  slime_pit_nicolae_inversion
Orc:1:    layout_caves, gammafunk_ghost_berserking_beasts,
          nicolae_orc_bridge_out, mines5_lemuel, uniq_josephine, uniq_erica,
          uniq_jorgrun
Orc:2:    pubby_orc_utopia
Elf:1:    minmay_elf_arrival_plus, layout_loops_ring, serial_shops, shop,
          minmay_elf_demonology
Elf:2:    nicolae_elf_blades_splatter_lattice [nicolae_blade_tridents],
          layout_onion_city, minmay_elf_annihilation
Elf:3:    minmay_elf_hall_curves, layout_geoelf_octagon, minmay_misc_feat_five,
          minmay_shop_star, uniq_louise
Vaults:1: vaults_dpeg_ring, nicolae_vaults_closet_pinwheel_2,
          nicolae_vaults_little_ls, nicolae_vaults_mini_display_case,
          hangedman_vaults_corner, vaults_mumra_lcd, nicolae_vaults_trapezoid_2,
          hangedman_vaults_stagger, nicolae_vaults_halls_meeting,
          vaults_room_grid, v_alt_pattern_5, v_rooms_6,
          nicolae_vaults_tetromino_T_1, nicolae_vaults_diamond_1,
          layout_vaults_ring
Vaults:2: v_misc_1, nicolae_vaults_storage_room_glass, nicolae_vaults_tangram_2,
          vaults_room_ringed_pool, nicolae_vaults_diamond_1,
          vaults_room_grunt_arrival_ludios, ontoclasm_vaults_shout, v_misc_30,
          serial_ice_h, vaults_room_pool, nicolae_vaults_double_plus_2,
          dpeg_vaults_monster_box, layout_vaults_quadrants
Vaults:3: portal_desolation_entry_twin_temple, nicolae_vaults_ring_of_whatevers,
          nicolae_vaults_variable_pillar_hall, vaults_mumra_chevron_long,
          hangedman_vaults_stretched_pinwheel, grunt_vaults_diagonal, v_misc_19,
          nicolae_vaults_stand_back, nicolae_vaults_house_3,
          nicolae_vaults_double_plus_1, minmay_crypt_entry_skeletal_spiral,
          nicolae_vaults_gold_heap, vaults_room_door_ring,
          layout_vaults_big_room
Vaults:4: ontoclasm_vaults_spin, nicolae_vaults_shrinking_rooms_1,
          nicolae_vaults_closet_pinwheel_1, nicolae_vaults_sightless_eye,
          nicolae_vaults_shock_wave, vaults_mumra_hex,
          nicolae_vaults_angled_halls, nicolae_vaults_prndl, v_misc_13,
          v_misc_9, nicolae_vaults_tetromino_T_2, v_alt_pattern_1, v_misc_25,
          layout_vaults_maze_snakey, serial_shops, nicolae_shop_tiny_glass,
          shop, shop_statue, uniq_bai_suzhen
Vaults:5
Crypt:1:  layout_regular_city, serial_sigils, serial_sigils_hangedman_leer,
          serial_sigils_hangedman_etch, serial_sigils_hangedman_gnaw,
          serial_sigils_hangedman_snap, serial_sigils_hangedman_confine,
          uniq_zenata
Crypt:2:  layout_gridlike
Crypt:3:  evilmike_haunted_forest, uniq_khufu
Tomb:1
Tomb:2:   uniq_mennas
Tomb:3

Skill      XL: |  1  2  3  4  5  6  7  8  9 10 11 12 13 14 15 16 17 18 19 20 21 22 23 24 |
---------------+-------------------------------------------------------------------------+-----
Shapeshifting  | 3 4 5 6 7 9 10 11 13 16 17 18 19 20 21 23 25 | 25.8
Dodging        | 4 6 8 11 12 13 15 16 18 19 20 21 22 23 25 26 | 26.0
Fighting       | 3 4 5 7 8 9 10 11 12 13 14 15 16 17 18 | 18.0
Unarmed Combat | 4 5 6 7 9 10 11 13 14 15 17 18 19 20 21 | 21.1
Evocations     | 4 6 |  6.5
Ice Magic      | 4 5 |  5.6

Action                     |  1- 3 |  4- 6 |  7- 9 | 10-12 | 13-15 | 16-18 | 19-21 | 22-24 || total
---------------------------+-------+-------+-------+-------+-------+-------+-------+-------++-------
  Melee: Unarmed           |    93 |   157 |   259 |   528 |  1318 |  1578 |  1320 |  1390 ||  6643
         Bite              |     5 |    21 |    35 |    15 |    82 |   239 |   202 |   171 ||   770
         Punch             |     2 |       |       |       |    40 |   145 |   199 |   263 ||   649
         Constrict         |       |       |       |   102 |   120 |       |       |       ||   222
         Pseudopods        |       |       |       |       |    25 |   155 |       |       ||   180
         Headbutt          |       |       |       |       |       |    33 |   423 |   339 ||   795
   Cast: Ozocubu's Armour  |       |       |       |       |       |       |       |     1 ||     1
 Invoke: Oozemancy         |       |       |     1 |     6 |    10 |     3 |    10 |     4 ||    34
         Slimify           |       |       |       |       |       |     1 |       |     7 ||     8
Ability: Blinkbolt         |       |       |       |       |       |       |       |    16 ||    16
  Evoke: Phial of floods   |       |       |       |       |       |       |     1 |       ||     1
         Condenser vane    |       |       |       |       |       |       |     1 |       ||     1
    Use: Scroll            |     6 |     6 |     3 |     3 |     4 |     5 |     6 |     8 ||    41
         Potion            |       |     3 |       |     1 |     3 |       |     2 |     7 ||    16
   Stab: Sleeping          |     1 |     1 |       |     3 |     5 |     3 |     5 |    14 ||    32
         Distracted        |     1 |       |       |     1 |     1 |     1 |     3 |     5 ||    12
         Confused          |       |     3 |     7 |     2 |    13 |       |       |    31 ||    56
 Armour: Skin              |    21 |    55 |    74 |   269 |   650 |   983 |   596 |   424 ||  3072
  Dodge: Dodged            |    97 |   110 |   318 |   594 |  2709 |  5537 |  3482 |  2840 || 15687
  Block: Other             |       |       |       |       |       |    25 |   340 |   191 ||   556
   Form: Flux              |       |     1 |       |       |       |       |       |       ||     1
         Serpent           |       |       |       |     1 |     1 |     1 |       |       ||     3
         Statue            |       |       |       |       |     1 |     1 |       |     4 ||     6
         Maw               |       |       |       |       |     1 |       |       |       ||     1
         Storm             |       |       |       |       |       |       |       |     5 ||     5
